 Dungeon Crawl Stone Soup version 0.30.1-3-gfc49f6343a (webtiles) character file.

Game seed: 16513443380861266703

100 croobank the Trooper (level 4, -1/31 HPs)
             Began as an Octopode Monk on July 20, 2023.
             Slain by an adder (3 damage)
             ... on level 2 of the Dungeon.
             The game lasted 00:03:16 (1422 turns).

croobank the Trooper (Octopode Monk)                Turns: 1422, Time: 00:03:17

Health: -1/31      AC:  1    Str: 10    XL:     4   Next: 73%
Magic:  6/6        EV: 14    Int: 14    God:
Gold:   175        SH:  0    Dex: 14    Spells: 2/5 levels left

rFire   . . .        a - +0 dagger
rCold   . . .        (no shield)
rNeg    . . .        (helmet restricted)
rPois   .            (no amulet)
rElec   .            (no ring)
rCorr   .            (no ring)
SInv    .            (no ring)
Will    .....        (no ring)
Stlth   ++           (no ring)
HPRegen 0.25/turn    (no ring)
MPRegen 0.10/turn    (no ring)
                     (no ring)

%: no passive effects
@: slowed, very slow
A: almost no armour, amphibious, 8 rings, camouflage 1, gelatinous body 1,
(nimble swimmer 1), tentacles
a: no special abilities


You were on level 2 of the Dungeon.
You visited 1 branch of the dungeon, and saw 2 of its levels.

You collected 175 gold pieces.

Inventory:

Hand Weapons
 a - a +0 dagger (weapon)
 b - a +0 sling
 i - a +0 short sword
Armour
 c - an orb of light
Jewellery
 n - a ring of ice
Wands
 l - a wand of iceblast (2)
Scrolls
 d - a scroll of fog {unknown}
 e - 2 scrolls of teleportation {unknown}
 g - a scroll of enchant weapon {unknown}
Potions
 f - a potion of might
 h - 2 potions of resistance {unknown}
 j - 2 potions of heal wounds {unknown}
 k - 3 potions of cancellation {unknown}
 o - a potion of curing {unknown}


   Skills:
 + Level 3.5 Fighting
 + Level 3.5 Short Blades
 + Level 3.5 Dodging
 + Level 1.4 Spellcasting
 + Level 1.5 Hexes


You had 2 spell levels left.
You knew the following spells:

 Your Spells              Type           Power      Damage    Failure   Level
a - Tukima's Dance        Hex            5%         N/A       36%         3

Your spell library contained the following spells:

 Spells                   Type           Power      Damage    Failure   Level
 Passage of Golubria      Tloc           1%         N/A       94%         4
 Yara's Violent Unravell  Hex/Tmut       1%         3d3       99%         5


Dungeon Overview and Level Annotations

Branches:
Dungeon (2/15)

Altars:


Innate Abilities, Weirdness & Mutations

You cannot wear most types of armour.
You are amphibious.
You can wear up to eight rings at the same time.
Your skin changes colour to match your surroundings (Stealth+).
Your rubbery body absorbs attacks. (AC +1, EV +1)
((You are camouflaged when in or above water. (Stealth+)))
You have tentacles for arms and can constrict up to eight enemies at once.


Message History

You constrict Natasha.
You kill Natasha!
Natasha yowls pathetically as she dies!
You start resting.
You feel yourself speed up.
You start resting.
You feel a little less mighty now.
You start resting.
Natasha, Servant of Life and Death comes into view.
Natasha hisses angrily.
You hit Natasha. You grab Natasha. You squeeze Natasha.
Natasha is moderately wounded.
You constrict Natasha. Natasha casts a spell at you.
You feel yourself slow down.
You hear an angry hiss.
You hit Natasha.
Natasha is moderately wounded.
You constrict Natasha. Natasha casts a spell at you.
You feel as though you will be slow longer.
You hit Natasha but do no damage. You squeeze Natasha, but do no damage.
Natasha is heavily wounded.
You constrict Natasha, but do no damage.
Natasha claws you.
You barely miss Natasha.
Natasha is heavily wounded.
You constrict Natasha. Natasha claws you but does no damage. Natasha claws you!
You barely miss Natasha. You squeeze Natasha.
Natasha is severely wounded.
You constrict Natasha. Natasha claws you!
* * * LOW HITPOINT WARNING * * *
Okay, then.
Aiming: Iceblast
Press: ? - help, Shift-Dir - straight line The mass of ice explodes!
The iceblast engulfs Natasha!
You kill Natasha!
You feel Natasha's spirit has finally been put to rest.
The adder bites you.
You die...

#....... ######.......
#... ##............ #...
##...####....... #...
#..# #.......
#S..###.#######.......
#...#.................
#...#.#.######........
#...#@..######.#######
#...S.†......#.#######
.#.....#.####.#.#......
....>....................
####...#.#†#..#...#......
#####.#.#.####.#.#.###
##.#.#......#.#.# #
....######.#.#.# #
#...#......#.#.# #


You could see an adder.

Vanquished Creatures
  Natasha (thrice) (D:2)
  3 adders (D:2)
  3 worms (D:2)
  3 bats
  3 endoplasms
  A kobold (D:1)
  3 ball pythons (D:1)
  2 frilled lizards
  A rat (D:1)
22 creatures vanquished.

Notes
Turn   | Place    | Note
-------+----------+-------------------------------------------
     0 | D:1      | croobank the Octopode Monk began the quest for the Orb.
     0 | D:1      | Reached XP level 1. HP: 16/16 MP: 1/1
   239 | D:1      | Reached XP level 2. HP: 21/21 MP: 2/2
   945 | D:2      | Reached skill level 1 in Hexes
   945 | D:2      | Reached XP level 3. HP: 16/26 MP: 2/4
   955 | D:2      | Learned a level 3 spell: Tukima's Dance
  1116 | D:2      | Reached skill level 1 in Spellcasting
  1188 | D:2      | Noticed Natasha
  1197 | D:2      | Killed Natasha
  1198 | D:2      | Reached XP level 4. HP: 26/31 MP: 5/5
  1338 | D:2      | Noticed Natasha
  1346 | D:2      | Killed Natasha
  1414 | D:2      | Noticed Natasha
  1422 | D:2      | Killed Natasha
  1422 | D:2      | Slain by an adder

Illustrated notes

Levels and vault maps discovered:
D:1:      dpeg_arrival_three_bigger_balls, layout_basic,
          dreamdust_princess_bridge
D:2:      layout_basic, uniq_natasha

Skill      XL: |  1  2  3 |
---------------+----------+-----
Hexes          | 1 |  1.5
Spellcasting   | 1 |  1.4
Fighting       | |  3.5
Short Blades   | |  3.5
Dodging        | |  3.5

Action                     |  1- 3 |  4- 6 || total
---------------------------+-------+-------++-------
  Melee: Short sword       |    40 |       ||    40
         Constrict         |    10 |     5 ||    15
         Tentacles         |     7 |     7 ||    14
         Punch             |     1 |       ||     1
         Dagger            |     3 |    22 ||    25
  Evoke: Wand              |       |     1 ||     1
    Use: Potion            |       |     2 ||     2
   Stab: Sleeping          |     5 |       ||     5
 Armour: Skin              |     2 |     1 ||     3
  Dodge: Dodged            |    17 |     8 ||    25
